[ PARTIDA AOE2 · #495933453 ]
UnrankedEslavos vs Hindustanis
Equipo del jugador · DERR
[ ANÁLISIS DE REPETICIÓN · EXTRAÍDO DE LA PARTIDA GRABADA ]
Feudal
11:24
Castillos
21:08
Imperial
37:52
| APM promedio | 45.8 |
| APM pico | 88 |
| eAPM promedio | 19.0 |
| Aldeanos / militares | 116 / 116 |
Foco
⚔️ 38.6% · 🌾 61.4%
Archer ×50 · Boyar ×25 · Spearman ×14 · Monk ×8 · Mangonel ×8 · Militia ×6
Feudal
9:17
Castillos
21:41
Imperial
41:10
| APM promedio | 73.6 |
| APM pico | 121 |
| eAPM promedio | 36.0 |
| Aldeanos / militares | 161 / 191 |
Foco
⚔️ 48.7% · 🌾 51.3%
Ghulam ×53 · Skirmisher ×52 · Camel Scout ×31 · Scout Cavalry ×28 · Mangonel ×16 · Trebuchet (Packed) ×7
Mapa de la partida
Recursos iniciales + cada clic de construcción. Líneas = muros · curvas = relieve. ◆ oro · ⬟ piedra · ● bayas · ✦ reliquia · ◌ hueco del cierre
Tu base· ✓ Cerrada en 21:08 · 38t muro · 1 puerta(s)
Base de ClearDistortion· ✓ Cerrada en 21:41 · 38t muro · sin puerta
Terreno inicial suavizado · ◌ = hueco del cierre detectado · pasá el cursor para detalles
Inputs por minuto
— Ie cuack - - ClearDistortion
Build order — Ie cuack
Primeras 150 de 412 acciones detectadas
| 0:00 | Crear | Villager (Male) ×4 |
| 0:02 | Construir | House |
| 0:03 | Construir | House |
| 1:33 | Crear | Villager (Male) |
| 2:00 | Construir | Lumber Camp |
| 2:06 | Crear | Villager (Male) |
| 2:06 | Crear | Villager (Male) |
| 2:33 | Crear | Villager (Male) |
| 3:00 | Crear | Villager (Male) |
| 3:21 | Crear | Villager (Male) |
| 3:25 | Crear | Villager (Male) |
| 4:06 | Construir | House |
| 4:09 | Crear | Villager (Male) |
| 4:38 | Construir | House |
| 4:42 | Crear | Villager (Male) |
| 4:42 | Crear | Villager (Male) |
| 4:58 | Construir | Barracks |
| 5:03 | Crear | Villager (Male) |
| 5:53 | Crear | Villager (Male) |
| 5:53 | Crear | Villager (Male) |
| 6:11 | Investigar | Loom |
| 6:20 | Construir | Mining Camp |
| 6:56 | Crear | Villager (Male) |
| 7:04 | Crear | Militia |
| 7:04 | Crear | Militia |
| 7:13 | Construir | Palisade Wall |
| 7:14 | Construir | Palisade Wall |
| 7:16 | Construir | Palisade Wall |
| 7:19 | Construir | Palisade Wall |
| 7:35 | Crear | Villager (Male) |
| 7:56 | Construir | House |
| 8:01 | Crear | Villager (Male) |
| 8:26 | Construir | Palisade Wall |
| 8:33 | Crear | Villager (Male) |
| 9:14 | Investigar | Feudal Age |
| 9:37 | Construir | Mill |
| 9:50 | Crear | Militia |
| 10:11 | Construir | House |
| 10:17 | Crear | Militia |
| 10:30 | Crear | Villager (Male) |
| 10:49 | Construir | Palisade Wall |
| 10:50 | Crear | Villager (Male) |
| 11:24 | Edad | Edad Feudal |
| 11:24 | Crear | Villager (Male) |
| 11:26 | Construir | Archery Range |
| 11:52 | Investigar | Man-at-Arms (upgrade) |
| 12:09 | Construir | House |
| 12:14 | Construir | Farm |
| 12:15 | Construir | Farm |
| 12:15 | Construir | Farm |
| 12:15 | Construir | Farm |
| 12:15 | Construir | Farm |
| 12:36 | Crear | Spearman |
| 12:38 | Crear | Archer |
| 12:39 | Crear | Archer |
| 12:47 | Construir | Palisade Wall |
| 12:49 | Construir | Palisade Wall |
| 12:51 | Construir | Palisade Wall |
| 12:54 | Crear | Spearman |
| 12:58 | Crear | Archer |
| 13:13 | Construir | Farm |
| 13:14 | Construir | Farm |
| 13:16 | Crear | Villager (Male) |
| 13:22 | Construir | House |
| 14:04 | Crear | Villager (Male) |
| 14:06 | Crear | Villager (Male) |
| 14:08 | Crear | Archer |
| 14:15 | Crear | Archer |
| 14:16 | Crear | Villager (Male) |
| 14:28 | Construir | House |
| 14:31 | Construir | Palisade Wall |
| 14:32 | Crear | Villager (Male) |
| 14:37 | Crear | Villager (Male) |
| 14:42 | Crear | Archer |
| 14:57 | Construir | Blacksmith |
| 14:58 | Crear | Villager (Male) |
| 15:01 | Construir | Farm |
| 15:07 | Investigar | Double-Bit Axe |
| 15:39 | Crear | Archer |
| 15:40 | Crear | Archer |
| 15:44 | Crear | Villager (Male) |
| 15:45 | Construir | House |
| 15:47 | Construir | Palisade Wall |
| 15:53 | Construir | Farm |
| 15:54 | Crear | Villager (Male) |
| 16:00 | Crear | Archer |
| 16:04 | Investigar | Fletching |
| 16:06 | Crear | Villager (Male) |
| 16:47 | Crear | Archer |
| 16:50 | Crear | Villager (Male) |
| 16:55 | Crear | Villager (Male) |
| 16:58 | Construir | Market |
| 17:15 | Crear | Archer |
| 18:29 | Investigar | Castle Age |
| 18:34 | Construir | Palisade Gate |
| 18:51 | Crear | Archer |
| 18:53 | Crear | Villager (Male) |
| 18:58 | Construir | House |
| 18:59 | Construir | House |
| 19:03 | Investigar | Horse Collar |
| 19:11 | Crear | Archer |
| 19:14 | Investigar | Gold Mining |
| 19:28 | Construir | Lumber Camp |
| 19:58 | Construir | Farm |
| 20:12 | Construir | Farm |
| 20:47 | Crear | Villager (Male) |
| 20:50 | Crear | Archer |
| 21:08 | Edad | Edad de los Castillos |
| 21:13 | Construir | University |
| 21:17 | Construir | House |
| 21:19 | Investigar | Bow Saw |
| 21:20 | Investigar | Bodkin Arrow |
| 21:26 | Crear | Archer |
| 21:27 | Crear | Villager (Male) |
| 21:30 | Construir | Farm |
| 21:55 | Investigar | Crossbowman (upgrade) |
| 22:06 | Construir | Siege Workshop |
| 22:12 | Crear | Archer |
| 22:20 | Construir | Farm |
| 22:22 | Construir | Farm |
| 22:24 | Construir | Farm |
| 22:25 | Crear | Villager (Male) |
| 22:27 | Crear | Archer |
| 22:27 | Crear | Archer |
| 22:36 | Crear | Archer |
| 22:49 | Crear | Villager (Male) |
| 22:52 | Crear | Mangonel |
| 23:02 | Crear | Villager (Male) |
| 23:05 | Construir | Monastery |
| 23:43 | Crear | Villager (Male) |
| 23:44 | Crear | Villager (Male) |
| 23:56 | Crear | Mangonel |
| 23:57 | Crear | Villager (Male) |
| 23:59 | Construir | Farm |
| 24:01 | Crear | Monk |
| 24:08 | Crear | Archer |
| 24:08 | Crear | Archer |
| 24:17 | Investigar | Ballistics |
| 24:22 | Crear | Villager (Male) |
| 24:26 | Crear | Archer |
| 24:43 | Construir | Farm |
| 24:48 | Crear | Villager (Male) |
| 24:53 | Construir | Farm |
| 24:55 | Construir | Farm |
| 24:58 | Construir | Farm |
| 25:09 | Crear | Villager (Male) |
| 25:10 | Crear | Villager (Male) |
| 25:14 | Crear | Monk |
| 25:58 | Crear | Villager (Male) |
| 25:58 | Crear | Villager (Male) |
Build order — ClearDistortion
Primeras 150 de 641 acciones detectadas
| 0:01 | Crear | Villager (Male) |
| 0:01 | Crear | Villager (Male) |
| 0:02 | Construir | House |
| 0:02 | Construir | House |
| 0:10 | Crear | Villager (Male) |
| 0:10 | Crear | Villager (Male) |
| 1:03 | Crear | Villager (Male) |
| 1:03 | Crear | Villager (Male) |
| 1:48 | Crear | Villager (Male) |
| 2:25 | Crear | Villager (Male) |
| 2:25 | Crear | Villager (Male) |
| 2:25 | Crear | Villager (Male) |
| 2:25 | Crear | Villager (Male) |
| 2:51 | Construir | Barracks |
| 3:20 | Crear | Villager (Male) |
| 3:20 | Crear | Villager (Male) |
| 3:20 | Crear | Villager (Male) |
| 3:38 | Construir | House |
| 3:49 | Crear | Villager (Male) |
| 3:49 | Crear | Villager (Male) |
| 4:23 | Crear | Villager (Male) |
| 4:26 | Construir | House |
| 4:26 | Crear | Militia |
| 4:27 | Crear | Militia |
| 4:27 | Crear | Militia |
| 4:52 | Crear | Villager (Male) |
| 4:59 | Crear | Villager (Male) |
| 5:31 | Crear | Villager (Male) |
| 5:57 | Crear | Villager (Male) |
| 6:08 | Crear | Villager (Male) |
| 6:32 | Construir | Lumber Camp |
| 7:07 | Investigar | Feudal Age |
| 7:37 | Investigar | Loom |
| 8:00 | Construir | Palisade Wall |
| 8:02 | Construir | House |
| 8:05 | Construir | House |
| 8:06 | Construir | Palisade Wall |
| 9:07 | Construir | Mill |
| 9:17 | Edad | Edad Feudal |
| 9:20 | Construir | Stable |
| 9:24 | Crear | Villager (Male) |
| 9:26 | Investigar | Double-Bit Axe |
| 9:33 | Investigar | Horse Collar |
| 9:58 | Construir | Farm |
| 10:01 | Crear | Villager (Male) |
| 10:02 | Crear | Scout Cavalry |
| 10:03 | Crear | Scout Cavalry |
| 10:07 | Construir | Farm |
| 10:19 | Construir | Farm |
| 10:23 | Crear | Villager (Male) |
| 10:30 | Construir | Farm |
| 10:41 | Construir | Farm |
| 10:42 | Crear | Villager (Male) |
| 11:08 | Crear | Scout Cavalry |
| 11:24 | Crear | Villager (Male) |
| 11:26 | Construir | Farm |
| 11:27 | Construir | Farm |
| 11:29 | Construir | Farm |
| 11:39 | Crear | Villager (Male) |
| 12:01 | Construir | Farm |
| 12:01 | Crear | Villager (Male) |
| 12:06 | Construir | Farm |
| 12:07 | Crear | Scout Cavalry |
| 12:36 | Crear | Scout Cavalry |
| 12:37 | Crear | Villager (Male) |
| 12:43 | Construir | Farm |
| 12:46 | Construir | Farm |
| 12:50 | Construir | Farm |
| 12:54 | Crear | Villager (Male) |
| 12:58 | Construir | Farm |
| 12:59 | Crear | Villager (Male) |
| 13:04 | Crear | Scout Cavalry |
| 13:04 | Crear | Scout Cavalry |
| 13:25 | Crear | Scout Cavalry |
| 13:25 | Crear | Villager (Male) |
| 13:26 | Crear | Villager (Male) |
| 13:31 | Construir | House |
| 14:00 | Crear | Villager (Male) |
| 14:01 | Crear | Villager (Male) |
| 14:01 | Crear | Scout Cavalry |
| 14:13 | Construir | Farm |
| 14:15 | Crear | Villager (Male) |
| 14:25 | Construir | Palisade Wall |
| 14:36 | Construir | Archery Range |
| 14:39 | Crear | Scout Cavalry |
| 14:40 | Crear | Scout Cavalry |
| 14:53 | Crear | Villager (Male) |
| 14:53 | Crear | Villager (Male) |
| 15:12 | Construir | Farm |
| 15:21 | Construir | House |
| 15:26 | Construir | House |
| 15:40 | Crear | Skirmisher |
| 15:41 | Crear | Skirmisher |
| 15:47 | Construir | House |
| 15:50 | Construir | Palisade Wall |
| 15:57 | Crear | Skirmisher |
| 15:57 | Crear | Skirmisher |
| 16:22 | Crear | Skirmisher |
| 16:23 | Crear | Villager (Male) |
| 16:23 | Crear | Villager (Male) |
| 16:24 | Crear | Villager (Male) |
| 16:31 | Construir | Palisade Wall |
| 16:36 | Construir | Palisade Wall |
| 16:50 | Construir | Lumber Camp |
| 17:12 | Crear | Skirmisher |
| 17:12 | Crear | Skirmisher |
| 17:30 | Construir | Palisade Wall |
| 17:37 | Construir | Mining Camp |
| 17:37 | Crear | Villager (Male) |
| 17:38 | Crear | Villager (Male) |
| 17:38 | Crear | Villager (Male) |
| 18:12 | Construir | Market |
| 18:29 | Construir | Blacksmith |
| 18:46 | Construir | House |
| 18:47 | Construir | House |
| 18:48 | Construir | House |
| 19:00 | Investigar | Castle Age |
| 19:01 | Investigar | Castle Age |
| 19:21 | Crear | Skirmisher |
| 19:21 | Crear | Skirmisher |
| 19:24 | Investigar | Fletching |
| 19:55 | Crear | Skirmisher |
| 19:56 | Crear | Villager (Male) |
| 20:17 | Crear | Skirmisher |
| 20:17 | Crear | Skirmisher |
| 20:21 | Investigar | Padded Archer Armor |
| 20:35 | Construir | House |
| 20:38 | Construir | House |
| 20:39 | Construir | House |
| 21:07 | Construir | Palisade Wall |
| 21:41 | Edad | Edad de los Castillos |
| 21:43 | Construir | Siege Workshop |
| 21:47 | Construir | Archery Range |
| 21:51 | Crear | Villager (Male) |
| 21:55 | Investigar | Wheelbarrow |
| 22:08 | Construir | Town Center |
| 22:10 | Crear | Villager (Male) |
| 22:12 | Investigar | Bow Saw |
| 22:17 | Investigar | Heavy Plow |
| 22:17 | Investigar | Heavy Plow |
| 22:29 | Construir | Palisade Gate |
| 22:38 | Construir | Palisade Wall |
| 22:39 | Construir | Palisade Wall |
| 22:40 | Construir | Palisade Wall |
| 22:41 | Construir | Palisade Wall |
| 22:42 | Construir | Palisade Wall |
| 22:42 | Construir | Palisade Wall |
| 22:44 | Crear | Villager (Male) |
| 22:44 | Crear | Villager (Male) |
| 23:03 | Investigar | Elite Skirmisher (upgrade) |
Cronología de la partida
| 2:51 | ClearDistortion · first_building Barracks |
| 4:58 | Ie cuack · first_building Barracks |
| 7:13 | Ie cuack · wall_segment Palisade Wall x1 |
| 7:14 | Ie cuack · wall_segment Palisade Wall x1 |
| 7:16 | Ie cuack · wall_segment Palisade Wall x1 |
| 7:19 | Ie cuack · wall_segment Palisade Wall x1 |
| 8:00 | ClearDistortion · wall_segment Palisade Wall x1 |
| 8:06 | ClearDistortion · wall_segment Palisade Wall x1 |
| 8:26 | Ie cuack · wall_segment Palisade Wall x6 |
| 9:17 | ClearDistortion · age_up feudal |
| 9:20 | ClearDistortion · first_building Stable |
| 10:49 | Ie cuack · wall_segment Palisade Wall x6 |
| 11:24 | Ie cuack · age_up feudal |
| 11:26 | Ie cuack · first_building Archery Range |
| 12:47 | Ie cuack · wall_segment Palisade Wall x1 |
| 12:49 | Ie cuack · wall_segment Palisade Wall x4 |
| 12:51 | Ie cuack · wall_segment Palisade Wall x9 |
| 14:25 | ClearDistortion · wall_segment Palisade Wall x13 |
| 14:31 | Ie cuack · wall_segment Palisade Wall x3 |
| 14:36 | ClearDistortion · first_building Archery Range |
| 15:47 | Ie cuack · wall_segment Palisade Wall x5 |
| 15:50 | ClearDistortion · wall_segment Palisade Wall x16 |
| 16:31 | ClearDistortion · wall_segment Palisade Wall x4 |
| 16:36 | ClearDistortion · wall_segment Palisade Wall x7 |
| 17:30 | ClearDistortion · wall_segment Palisade Wall x1 |
| 18:10 | Ie cuack · first_market_buy 100 food |
| 18:12 | Ie cuack · first_market_sell 100 stone |
| 18:56 | ClearDistortion · first_market_sell 100 food |
| 21:07 | ClearDistortion · wall_segment Palisade Wall x1 |
| 21:08 | Ie cuack · age_up castle |
| 21:41 | ClearDistortion · age_up castle |
| 21:43 | ClearDistortion · first_building Siege Workshop |
| 22:06 | Ie cuack · first_building Siege Workshop |
| 22:16 | ClearDistortion · first_market_buy 100 wood |
| 22:38 | ClearDistortion · wall_segment Palisade Wall x1 |
| 22:39 | ClearDistortion · wall_segment Palisade Wall x1 |
| 22:40 | ClearDistortion · wall_segment Palisade Wall x1 |
| 22:41 | ClearDistortion · wall_segment Palisade Wall x1 |
| 22:42 | ClearDistortion · wall_segment Palisade Wall x1 |
| 22:42 | ClearDistortion · wall_segment Palisade Wall x1 |
| 23:05 | Ie cuack · first_building Monastery |
| 28:21 | ClearDistortion · wall_segment Palisade Wall x1 |
| 29:22 | ClearDistortion · first_building Monastery |
| 29:58 | ClearDistortion · wall_segment Palisade Wall x1 |
| 30:00 | ClearDistortion · wall_segment Palisade Wall x1 |
| 30:17 | ClearDistortion · first_building Castle |
| 34:55 | Ie cuack · first_building Castle |
| 37:52 | Ie cuack · age_up imperial |
| 39:01 | Ie cuack · wall_segment Palisade Wall x1 |
| 39:34 | Ie cuack · wall_segment Stone Wall x1 |
| 41:10 | ClearDistortion · age_up imperial |
| 45:42 | ClearDistortion · wall_segment Stone Wall x1 |
| 52:15 | Ie cuack · resign |
[ ANÁLISIS IA · 1 CRÉDITO ]
¿Qué pasó realmente en esta partida?
Wolo.gg analiza cada decisión: build order, eco, micro, errores típicos por bracket. Análisis personalizado por WhatsApp o Discord en 30 segundos.
Guía civ
Eslavos
Perfil
Ie cuack